 Dungeon Crawl Stone Soup version 0.30-a0-613-gdd512c7efb (webtiles) character file.

Game seed: 10605857347968021374

81 bande the Covered (level 4, -7/29 HPs)
             Began as a Gargoyle Fighter on Jan 8, 2023.
             Killed by divine providence
             ... invoked by an orc priest
              (9 damage)
             ... on level 2 of the Dungeon.
             The game lasted 00:05:16 (2079 turns).

bande the Covered (Gargoyle Fighter)                Turns: 2079, Time: 00:05:16

Health: -7/29      AC: 12    Str: 19    XL:     4   Next: 40%
Magic:  4/4        EV:  5    Int:  9    God:
Gold:   111        SH: 12    Dex: 11    Spells: 3/3 levels left

rFire   . . .      SeeInvis .    a - +1 war axe
rCold   . . .      Faith    .    i - +0 tower shield
rNeg    + . .      Spirit   .    b - +0 scale mail
rPois   ∞          Reflect  .    h - +1 hat
rElec   +          Harm     .    l - +0 cloak
rCorr   .          Rampage  .    (no gloves)
Will    +....                    (no boots) Stlth
                                 (no amulet)
HPRegen 0.24/turn                o - ring of willpower
MPRegen 0.09/turn                (no ring)

@: flying
A: sickness immunity, AC +3, negative energy resistance 1, electricity
resistance, torment resistance 1, petrification resistance, big wings, claws 1,
horns 1
a: no special abilities


You were on level 2 of the Dungeon.
You visited 1 branch of the dungeon, and saw 3 of its levels.

You collected 111 gold pieces.

Inventory:

Hand Weapons
 a - a +1 war axe (weapon)
Armour
 b - a +0 scale mail (worn)
 h - a +1 hat (worn)
 i - a +0 tower shield (worn)
 l - a +0 cloak (worn)
Jewellery
 k - an amulet of magic regeneration
 o - a ring of willpower (left claw)
Scrolls
 g - a scroll of magic mapping
Potions
 c - a potion of heal wounds {unknown}
 d - 2 potions of might
 e - a potion of curing {unknown}
 f - 2 potions of invisibility
 j - 2 potions of mutation


   Skills:
 + Level 3.7 Fighting
 + Level 2.9 Axes
 + Level 3.9 Armour
 - Level 0.1 Dodging
 + Level 3.8 Shields


You had 3 spell levels left.
You didn't know any spells.
Your spell library contained the following spells:

 Spells                   Type           Power      Damage    Failure   Level
 Ignite Poison            Fire/Tmut/Pois 0%         N/A       100%        3
 Kindle Blastsparks       Fire/Tloc/Air  0%         2d10      100%        3
 Freezing Cloud           Conj/Ice/Air   0%         6-21      100%        5


Dungeon Overview and Level Annotations

Branches:
Dungeon (3/15)

Altars:

Shops:
D:1 =((=[


Innate Abilities, Weirdness & Mutations

You are immune to sickness and miasma.
Your stone body is resilient. (AC +3)
You are immune to poison.
You resist negative energy. (rN+)
You are resistant to electric shocks. (rElec)
You are resistant to unholy torment.
You are immune to petrification.
Your large and strong wings let you fly.
You have sharp fingernails.
You have a pair of small horns on your head.


Message History

You fly downwards.
The orc priest shouts!
There is a stone staircase leading up here.
An orc priest comes into view. It is wielding a +0 club.
An orc comes into view. It is wielding a +0 club.
The orc priest looks braver for a moment.
An orc comes into view. It is wielding a +0 short sword.
An orc comes into view. It is wielding a +0 morningstar.
The orc shouts!
The orc shouts! x2; The orc priest shouts!
A giant cockroach comes into view.
An orc comes into view. It is wielding a +0 hand axe.
The orc shouts!
The orc wizard points at you and mumbles some strange words.
The magic dart hits you!
An orc comes into view. It is wielding a +0 club.
An orc comes into view. It is wielding a +0 hand axe.
The orc wizard points at you and mumbles some strange words.
You resist with almost no effort.
The orc shouts!
The orc shouts!
You block the orc priest's attack.
You fly upwards.
There is a stone staircase leading down here.
Unknown command.
You slash the orc priest!
The orc priest is severely wounded.
You hit the orc priest.
The orc priest calls down the wrath of Beogh upon you.
Beogh smites you!
The orc priest invokes the aid of Beogh against you.
Beogh smites you!
* * * LOW HITPOINT WARNING * * *
You closely miss the orc priest.
The orc priest is severely wounded.
You hit the orc priest. You block the orc priest's attack.
The orc priest barely misses you.
The orc priest calls down the wrath of Beogh upon you.
Beogh smites you!
You die...

#.......# ########## #.......#
#........# ########.......#
#........# ......##.......#
#...(....# ......##.......#
#........#
......##.......#######........#
......##.......##...##........#
......##.......##...##........#
...........##..o@o..##........#
......##...######...####...####
.[........## #.)...##...#.#
###.......#####.#......###.#
#...........#...#.....####.#
..#####..............#.....#
......................)....#
######..####...#...#.......#
....##.## #...#..##.......#


You could see 2 orc priests.

Vanquished Creatures
  3 adders (D:2)
  2 dart slugs
  4 bats
  9 endoplasms
  9 giant cockroaches
  3 goblins
  A hobgoblin (D:2)
  4 kobolds (D:1)
  A quokka (D:1)
  3 ball pythons
  3 frilled lizards
  3 rats
45 creatures vanquished.

Notes
Turn   | Place    | Note
-------+----------+-------------------------------------------
     0 | D:1      | bande the Gargoyle Fighter began the quest for the Orb.
     0 | D:1      | Reached XP level 1. HP: 14/14 MP: 1/1
    42 | D:1      | Reached XP level 2. HP: 7/19 MP: 2/2
   502 | D:1      | Found Kyveunur's Weapon Boutique.
   557 | D:1      | Found Moegerul's Weapon Emporium.
   835 | D:1      | Found Ixkupla's Jewellery Shoppe.
  1088 | D:1      | Reached XP level 3. HP: 23/23 MP: 3/3
  1184 | D:1      | Found Zejymi's Jewellery Boutique.
  1188 | D:1      | Found Peppuf's Armour Boutique.
  1590 | D:2      | Gained mutation: You have sharp fingernails. [potion of
                  | mutation]
  1590 | D:2      | Gained mutation: Your large and strong wings let you fly.
                  | [potion of mutation]
  1590 | D:2      | Gained mutation: You have a pair of small horns on your
                  | head. [potion of mutation]
  1623 | D:2      | Reached XP level 4. HP: 26/28 MP: 4/4
  2078 | D:2      | HP: 1/29 [orc priest/divine providence (14)]
  2079 | D:2      | Killed from afar by an orc priest

Illustrated notes

Levels and vault maps discovered:
D:1:      erik_arrival_cave_to_civilisation [erik_arrival_cave_to_hall],
          layout_loops_corners, serial_shops, nicolae_shop_behind_doors,
          nicolae_shop_temple_entry_statues_fountains, shop, nicolae_shop_trees,
          shop, grunt_decor_mini_mirrors, minmay_worlds_worst_comb
D:2:      minmay_evil_eye, layout_rooms, kennysheep_generic_room_13
D:3:      layout_rooms, serial_shops, nicolae_lakefront_shop

Skill      XL: |  1  2 |
---------------+-------+-----
Axes           | 2 |  2.9
Fighting       | |  3.7
Armour         | |  3.9
Dodging        | |  0.1
Shields        | |  3.8

Action                   |  1- 3 |  4- 6 || total
-------------------------+-------+-------++-------
Melee: War axe           |   107 |    19 ||   126
       Headbutt          |       |     2 ||     2
  Use: Scroll            |     4 |     5 ||     9
       Potion            |     1 |       ||     1
Armor: Scale mail        |    67 |     6 ||    73
Dodge: Dodged            |    66 |     2 ||    68
Block: Buckler           |    19 |       ||    19
       Tower shield      |       |    11 ||    11

Table legend: (Time is in decaauts)
 A = Elapsed time spent in this place.
 B = Non-inter-level travel time spent in this place.
 C = Inter-level travel time spent in this place.
 D = Time resting spent in this place.
 E = Time spent auto-exploring this place.
 F = Levels seen in this place.
 G = Mean time per level.
                   A        B        C        D        E       F      G
               +--------+--------+--------+--------+--------+-----+--------+
         Total |   2138 |   2052 |     86 |    252 |   1390 |   3 |  712.7 |
       Dungeon |   2138 |   2052 |     86 |    252 |   1390 |   3 |  712.7 |
               +--------+--------+--------+--------+--------+-----+--------+

Top non-repeatable levels by time:
     D:1: 1551 daAuts
     D:2: 579 daAuts
     D:3: 7 daAuts
